[Event "FIDE Women World Blitz 2021"]
[Site "Warsaw"]
[Date "2021.12.30"]
[Round "10.15"]
[White "Osmak, Yuliia"]
[Black "Efroimski, Marsel"]
[Result "0-1"]
[ECO "A40"]
[WhiteElo "2198"]
[BlackElo "2419"]
[Annotator "NA"]
[PlyCount "130"]
[EventDate "2021.12.29"]
[EventType "swiss"]
[EventCountry "POL"]
[Tiebreak "Cut1 Buchholz"]
[SourceTitle "playchess.com"]
[Source "ChessBase"]
[SourceQuality "1"]
[TimeControl "180+2"]

1. c4 b6 2. d4 e6 3. e4 Bb7 4. Bd3 Bb4+ 5. Bd2 Bxd2+ 6. Qxd2 f5 7. Nc3 Nf6 8. f3 Nc6 9. Nge2 fxe4 10. fxe4 e5 11. d5 Nd4 12. O-O-O Nxe2+ 13. Bxe2 d6 14. g4 Qe7 15. g5 Nd7 16. Bh5+ g6 17. Bg4 O-O-O 18.
h4 Kb8 19. Rdf1 Rhf8 20. Qe2 Ba6 21. b3 Nc5 22. Rxf8 Rxf8 23. Rf1 Bc8 24. Rxf8 Qxf8 25. Bxc8 Kxc8 26. Qg4+ Kb8 27. Qg2 Qf4+ 28. Kc2 Qe3 29. b4 Qd3+ 30. Kb2 Na6 31. a3 Qxc4 32. Qf3 Qd4 33. Qf8+ Kb7 34. Qe8 Nb8 35. Qf7 Qd2+ 36. Kb3 a5 37. bxa5 Na6 38. axb6 Nc5+ 39. Kc4 Qd3+ 40. Kb4 Qd4+ 41. Kb5 Qd3+ 42. Kb4 Kxb6 43. a4 Qd4+ 44. Ka3 Qxc3+ 45. Ka2 Qb3+ 46. Ka1 Qxa4+ 47. Kb2 Qb4+ 48. Kc1 Qc3+ 49. Kd1 Qd3+ 50. Kc1 Qc4+ 51. Kb1 Qxe4+ 52. Kb2 Qe2+ 53. Kc3 Qd3+ 54. Kb2 Qb3+ 55. Kc1 Qc3+ 56. Kb1 Qd3+ 57. Kb2 Qe2+ 58. Kc3 Qe3+ 59. Kc2 Qe4+ 60. Kb2 Qxh4 61. Qe8 Qb4+ 62. Kc2 Qc4+ 63. Kb1 Qxd5 64. Qb8+ Qb7 65. Qf8 e4 0-1

[Event "FIDE Women World Blitz 2021"]
[Site "Warsaw"]
[Date "2021.12.30"]
[Round "10.16"]
[White "Nomin-Erdene, Davaademberel"]
[Black "Lagno, Kateryna"]
[Result "0-1"]
[ECO "C78"]
[WhiteElo "2188"]
[BlackElo "2550"]
[Annotator "ChessBase"]
[PlyCount "100"]
[EventDate "2021.12.29"]
[EventType "swiss"]
[EventCountry "POL"]
[Tiebreak "Cut1 Buchholz"]
[SourceTitle "playchess.com"]
[Source "ChessBase"]
[SourceQuality "1"]
[TimeControl "180+2"]

1. e4 e5 2. Nf3 Nc6 3. Bb5 a6 4. Ba4 Nf6 5. O-O b5 6. Bb3 Bc5 7. c3 d6 8. a4 Rb8 9. d4 Bb6 10. a5 Ba7 11. Be3 Ra8 12. dxe5 Nxe5 13. Nxe5 dxe5 14. Qxd8+ Kxd8 15. Bxa7 Rxa7 16. Bxf7 c6 17. Bb3 Nxe4 18. Bc2 Nf6 19. Nd2 Re7 20. Nb3 Kc7 21. Nc5 Rd8 22. Rfd1 Rd5 23. Ne4 Rxd1+ 24. Rxd1 Bf5 25. f3
Bxe4 26. Bxe4 Nxe4 27. fxe4
Rf7 28. b3 Rf4 29. Re1 c5 30. Re3 g6 31. g3 Rf7 32.
Rd3 Kc6 33. Kg2 c4 34. bxc4 bxc4 35. Rd5 Rb7 36. Rxe5 Rb3 37. Re8 Rxc3 38. Rc8+ Kb5 39. e5 Re3 40. Rb8+ Kxa5 41. Rc8 Kb4 42. Rb8+ Kc3 43. Ra8 Rxe5 44. Rxa6 Re7 45. Rc6 Rf7 46. g4 Kd3 47. h4 c3 48. h5 gxh5 49. gxh5 c2 50. h6 Kd2 0-1

[Event "FIDE Women World Blitz 2021"]
[Site "Warsaw"]
[Date "2021.12.30"]
[Round "10.17"]
[White "Mamedjarova, Zeinab"]
[Black "Michna, Marta"]
[Result "1/2-1/2"]
[ECO "B08"]
[WhiteElo "2249"]
[BlackElo "2312"]
[Annotator "NA"]
[PlyCount "151"]
[EventDate "2021.12.29"]
[EventType "swiss"]
[EventCountry "POL"]
[Tiebreak "Cut1 Buchholz"]
[SourceTitle "playchess.com"]
[Source "ChessBase"]
[SourceQuality "1"]
[TimeControl "180+2"]

1. d4 d6 2. Nf3 g6 3. e3 Nd7 4. Bc4 e5 5. dxe5 dxe5 6. O-O Bg7 7. e4 Ngf6 8. Nc3 O-O 9. h3 c6 10. a4 h6 11. Be3 Qe7 12. Qe2 Nh5 13.
Rfd1 Nc5 14. Nd2 Ne6 15. a5 Nef4 16. Qf3 Be6 17. g4 Qh4 18.
Kh2 Nf6 19. Bxf4 Bxg4 20. Qg3 Qxg3+ 21. Bxg3 Bxd1 22. Rxd1 Nh5 23. Nf3 Nxg3 24. Kxg3 Rfd8 25. Rd3 Rxd3 26. cxd3 Rd8 27. Nd1 Kf8 28. Ne3 Ke7 29. Ng4 f6 30. Ne1 h5 31. Ne3 Bh6 32. Kf3 b5 33.
axb6 axb6 34. b4 b5 35. Bb3 Ra8 36. N1c2 Bxe3 37. Kxe3 Kd6 38. d4 exd4+ 39. Nxd4 Ra3 40. Kd3 Ke5 41. Ke3 Kd6 42. f4 h4 43. Kd2 Ra1 44. Bf7 g5 45. Nf5+ Kc7 46. fxg5 fxg5 47. Nd4 Kd6 48. Nf3 Rh1 49. e5+ Ke7 50. Bh5 Rxh3 51. Nxg5 Rh2+ 52. Be2 h3 53. Ke3 Rh1 54. Bf3 Rb1 55. Bxc6 Rxb4 56. Nxh3 Rb3+ 57. Kd4 Rxh3 58. Bxb5 Rh2 59. Bc4 Rh5 60. Bd5 Rh4+ 61. Kc5 Kd7 62. e6+ Ke7 63. Bc4 Rh5+ 64. Bd5 Rg5 65. Kc6 Rg1 66. Bc4 Rc1 67. Kd5 Kf6 68. Kd4 Rd1+ 69. Kc5 Rd8 70. Bd5 Ke5 71. Ba2 Ra8 72. Bc4 Rc8+ 73. Kb5 Kd4 74. Ba2 Ra8 75. Bb3 Rb8+ 76. Kc6 1/2-1/2

[Event "FIDE Women World Blitz 2021"]
[Site "Warsaw"]
[Date "2021.12.30"]
[Round "10.18"]
[White "Vantika Agrawal"]
[Black "Mammadova, Gulnar"]
[Result "0-1"]
[ECO "A41"]
[WhiteElo "2329"]
[BlackElo "2395"]
[Annotator "NA"]
[PlyCount "46"]
[EventDate "2021.12.29"]
[EventType "swiss"]
[EventCountry "POL"]
[Tiebreak "Cut1 Buchholz"]
[SourceTitle "playchess.com"]
[Source "ChessBase"]
[SourceQuality "1"]
[TimeControl "180+2"]

1. d4 g6 2. c4 Bg7 3. Nf3 d6 4. g3 Nd7 5. Bg2 e5 6. Nc3 Ne7 7. O-O O-O 8.
dxe5 dxe5 9. Qc2 Nc6 10. Rd1 Nd4 11. Nxd4 exd4 12. Nb5 c5 13. Bf4 Ne5 14. Rac1 a6 15. Na3 Qf6 16. Qd2 Re8 17. b3 Ng4 18. Rf1 Qb6 19. Nc2 Bf5 20. h3 Nf6 21. g4 Be4 22. f3 Bc6 23.
Ne1 Re7 0-1

[Event "FIDE Women World Blitz 2021"]
[Site "Warsaw"]
[Date "2021.12.30"]
[Round "10.19"]
[White "Muetsch, Annmarie"]
[Black "Girya, Olga"]
[Result "0-1"]
[ECO "A12"]
[WhiteElo "2279"]
[BlackElo "2402"]
[Annotator "NA"]
[PlyCount "116"]
[EventDate "2021.12.29"]
[EventType "swiss"]
[EventCountry "POL"]
[Tiebreak "Cut1 Buchholz"]
[SourceTitle "playchess.com"]
[Source "ChessBase"]
[SourceQuality "1"]
[TimeControl "180+2"]

1. Nf3 d5 2. d3 Nf6 3. Nbd2 Bf5 4. g3 e6 5. Bg2 h6 6. O-O Be7 7. c4 c6 8. b3 Nbd7 9. Bb2 O-O 10. Re1 Bh7 11. d4 a5 12. a4 Bb4 13.
Ba3 Qe7 14. Bxb4 Qxb4 15. Ne5 Nxe5 16. dxe5 Nd7 17. e4 d4 18. f4 Nc5 19. Rb1 Rad8 20. Bh3 d3 21. f5 Qc3 22. Kh1 Qxe5 23.
Qg4 Rfe8 24. Nf3 exf5 25. exf5 Qc3 26. Qf4 Rxe1+ 27. Rxe1 Kh8 28. Qc7 Qf6 29. Ne5 Bg8 30. Ng4 Qg5 31. f6 d2 32. Rd1 Re8 33. fxg7+ Kxg7 34. Kg2 Re2+ 35. Kf1 Re1+ 36. Rxe1 dxe1=R+ 37. Kxe1 Qc1+ 38. Ke2 Qc2+ 39. Kf1 Qd3+ 40. Kg1 Qe4 41. Qe5+ Qxe5 42. Nxe5 Nxb3 43. Bc8 Nc5 44. Nd7 Nxd7 45. Bxd7 c5 46. Kf2 Kf6 47. Ke3 Ke5 48. Bc8 f5 49. Bxb7 Bxc4 50. Bc6 Ba6 51. h4 c4 52. Bd7 Bb7 53. Bb5 Bd5 54. Be8 Be4 55. Bb5 Kd5 56. Be8 c3 57.
Bb5 Kc5 58. g4 c2 0-1

[Event "FIDE Women World Blitz 2021"]
[Site "Warsaw"]
[Date "2021.12.30"]
[Round "10.21"]
[White "Balajayeva, Khanim"]
[Black "Bulmaga, Irina"]
[Result "1-0"]
[ECO "B22"]
[WhiteElo "2369"]
[BlackElo "2405"]
[Annotator "NA"]
[PlyCount "85"]
[EventDate "2021.12.29"]
[EventType "swiss"]
[EventCountry "POL"]
[Tiebreak "Cut1 Buchholz"]
[SourceTitle "playchess.com"]
[Source "ChessBase"]
[SourceQuality "1"]
[TimeControl "180+2"]

1. e4 c5 2. c3 d5 3. exd5 Qxd5 4. d4 Nf6 5. Nf3 e6 6. Be3 Nc6 7. Bd3 Be7 8. O-O O-O 9. Qe2 Rd8 10. h3 cxd4 11. cxd4 Nb4 12. Nc3 Qh5 13. Bb1 b6 14. Ne4 Ba6 15. Qe1 Bxf1 16. Qxf1 Qd5 17. Nc3 Qd6 18. a3 Nbd5 19. Qd3 g6 20. Ba2 Rac8 21. Bd2 Nxc3 22. bxc3 Qxa3 23. Qf1 Qd6 24. Re1 Nd5 25. Qd3 Bf6 26. h4 h5 27. Ng5 Re8 28. Bb1 Bxg5 29. hxg5 Qc6 30. Qh3 Nxc3 31. Bd3 Nd5 32. g4 Kg7 33. gxh5 gxh5 34. g6 fxg6 35. Qg3 Ne7 36. Bf4 Nf5 37. Be5+ Kh7 38. Qg5 Rf8 39. Bxf5 exf5 40. Qe7+ Kh6 41. Bf4+ g5 42. Qxg5+ Kh7 43. Re7+ 1-0

[Event "FIDE Women World Blitz 2021"]
[Site "Warsaw"]
[Date "2021.12.30"]
[Round "10.22"]
[White "Kovanova, Baira"]
[Black "Kulon, Klaudia"]
[Result "1/2-1/2"]
[ECO "C55"]
[WhiteElo "2331"]
[BlackElo "2328"]
[Annotator "NA"]
[PlyCount "178"]
[EventDate "2021.12.29"]
[EventType "swiss"]
[EventCountry "POL"]
[Tiebreak "Cut1 Buchholz"]
[SourceTitle "playchess.com"]
[Source "ChessBase"]
[SourceQuality "1"]
[TimeControl "180+2"]

1. e4 e5 2. Nf3 Nc6 3. Bc4 Nf6 4. d3 h6 5. Nc3 d6 6. h3 g6 7. Be3 Bg7 8. Qd2 Na5 9. Bb3 c5 10. Bd5 Nxd5 11. Nxd5 Nc6 12. c3 Be6 13. O-O Bxd5 14. exd5 Ne7 15. d4 cxd4 16. cxd4 e4 17. Nh2 Nxd5 18. Qc2 Nf6 19. Ng4 d5 20. Qc5 Nxg4 21. hxg4 Qd7 22. Rac1 Bf8 23. Qc7 Bd6 24. Qa5 b6 25. Qd2 Qxg4 26. Rc6 Qd7 27. Rfc1 O-O 28. Bxh6 Rfc8 29. Rxc8+ Rxc8 30. Rxc8+ Qxc8 31. Bf4 Bf8 32. Be5 Bg7 33. Bxg7 Kxg7 34. Qf4 Qc4 35. Qe5+ Kh7 36. Qh2+ Kg7 37. Qe5+ Kf8 38. b3 Qc6 39. Qb8+ Kg7 40. Qe5+ f6 41. Qe7+ Kh6 42. Qxa7 Qc1+ 43. Kh2 Qf4+ 44. Kg1 e3 45. fxe3 Qxe3+ 46. Kh2 Qxd4 47. Qc7 b5 48. Qd8 Qe5+ 49. Kg1 d4 50. a4 bxa4 51. bxa4 Qe3+ 52. Kh2 Qf4+ 53. Kh3 Qf5+ 54. Kg3 Qe5+ 55. Kh3 Kg5 56. a5 Qf5+ 57. Kh2 d3 58. a6 Qf4+ 59. g3 Qf2+ 60. Kh3 d2 61. Qd5+ Kh6 62. a7 Qf1+ 63. Kh2 d1=Q 64. Qxd1 Qxd1 65. a8=Q Qe2+ 66. Kh3 Qe6+ 67. Kh2 Qe2+ 68. Kh3 Kg5 69. Qd5+ Qe5 70. Qd2+ Kf5 71. Qd7+ Qe6 72. g4+ Ke5 73. Qd3 f5 74. Qe3+ Kf6 75. Qd4+ Kf7 76. gxf5 Qxf5+ 77. Kg3 g5 78. Qa7+ Kg6 79. Qb6+ Kh5 80. Qe3 Qg4+ 81. Kh2 Qh4+ 82. Qh3 g4 83. Qxh4+ Kxh4 84. Kg2 g3 85. Kg1 Kg4 86. Kg2 Kf4 87. Kg1 Kf3 88. Kf1 g2+ 89. Kg1 Kg3 1/2-1/2

[Event "FIDE Women World Blitz 2021"]
[Site "Warsaw"]
[Date "2021.12.30"]
[Round "10.23"]
[White "Mamedjarova, Turkan"]
[Black "Lach, Aleksandra"]
[Result "1/2-1/2"]
[ECO "A87"]
[WhiteElo "2264"]
[BlackElo "2204"]
[Annotator "NA"]
[PlyCount "156"]
[EventDate "2021.12.29"]
[EventType "swiss"]
[EventCountry "POL"]
[Tiebreak "Cut1 Buchholz"]
[SourceTitle "playchess.com"]
[Source "ChessBase"]
[SourceQuality "1"]
[TimeControl "180+2"]

1. d4 f5 2. c4 Nf6 3. Nc3 d6 4. g3 g6 5. Bg2 Bg7 6. Nf3 O-O 7. O-O e6 8. Re1 Ne4 9. Qc2 Nxc3 10. bxc3 e5 11. dxe5 dxe5 12. Ba3 Re8 13. Rad1 Qf6 14. Qa4 Nc6 15. Rb1 Rd8 16. h4 h6 17. Red1 Rxd1+ 18. Rxd1 Be6 19. Qb5 Rb8 20. Bc5 a6 21. Qa4 Kh7 22. Rb1 e4 23. Nd4 Ne5 24. Nxe6 Qxe6 25. Bd4 Qxc4 26. Qa3 Qe6 27. Qc5 Nc6 28. Bxg7 Kxg7 29. a4 Qd6 30. Qc4 Ne5 31. Qa2 b6 32.
Qc2 Rd8 33. Qb3 Qd5 34. Qb4 Qd6 35. Qb3 a5 36. Qb5 Kf6 37.
Qb2 Qd2 38. Qb5 Qxc3 39. Qa6 Qc6 40. e3 Rd6 41. Qc8 Qd7 42.
Qf8+ Nf7 43. Qa8 Qxa4 44. h5 gxh5 45. Kh2 Qc2 46. Rb5 Qxf2 47.
Qc8 Re6 48. Qxc7 Kg6 49. Rxb6 Rxb6 50. Qxb6+ Kg5 51. Qe6 Nh8 52. Qg8+ Ng6 53. Qd8+ Kg4 54. Qg8 Qxg3+ 55. Kg1 Qxe3+ 56. Kh1 Qe1+ 57. Kh2 Qg3+ 58. Kg1 Kf4 59. Qb8+ Ne5 60. Kh1 h4 61. Qh8 Qg5 62. Qb8 a4 63. Qb2 Nd3 64. Qd2+ e3 65. Qxd3 Qg3 66. Qd6+ Kg5 67. Qe7+ Kf4 68. Qb4+ Kg5 69. Qe7+ Kf4 70. Qd6+ Kg5 71. Qe7+ Kf4 72. Qd6+ Kg5 73. Qe7+ Kf4 74. Qd6+ Kg5 75. Qe7+ Kf4 76. Qd6+ Kg5 77. Qe7+ Kf4 78. Qd6+ Kg5 1/2-1/2

[Event "FIDE Women World Blitz 2021"]
[Site "Warsaw"]
[Date "2021.12.30"]
[Round "10.24"]
[White "Atalik, Ekaterina"]
[Black "Berend, Elvira"]
[Result "1/2-1/2"]
[ECO "A49"]
[WhiteElo "2430"]
[BlackElo "2328"]
[Annotator "ChessBase"]
[PlyCount "155"]
[EventDate "2021.12.29"]
[EventType "swiss"]
[EventCountry "POL"]
[Tiebreak "Cut1 Buchholz"]
[SourceTitle "playchess.com"]
[Source "ChessBase"]
[SourceQuality "1"]
[TimeControl "180+2"]

1. Nf3 Nf6 2. d4 g6 3. g3 Bg7 4. Bg2 O-O 5. O-O d6 6. b3 c5 7. Bb2 cxd4 8. Nxd4 d5 9. c4 e5 10. Nf3 e4 11. Nd4 dxc4 12. bxc4 Nc6 13. Nxc6 bxc6 14. Nc3 Qe7 15. Qa4 Qe6 16. Rfd1 Re8 17. Rab1 Bd7 18. Ba3 c5 19. Qb3 Rac8 20. Nd5 Nxd5 21. cxd5 Qa6 22. Qb7 Qxa3 23. Qxd7 c4 24. Bxe4 Rcd8 25. Qc7 c3 26. Bd3 Rxd5 27. Bc4 Rxd1+ 28. Rxd1 Qe7 29. Qxe7 Rxe7 30. Rd8+ Bf8 31. Bd3 Rc7 32. Bc2 Kg7 33. Kf1 Be7 34. Rd3 Bf6 35. e3 Rb7 36. Ke2 Rb2 37. Kd1 Rxa2 38.
Rd7 Ra1+ 39. Ke2 Ra2 40. Kd3 a5 41. Ra7 Ra3 42. f4 Kf8 43.
e4 Be7 44. e5 Bb4 45. g4 Ra1 46. f5 gxf5 47. gxf5 Re1 48. Bb3 Rxe5 49. Rxf7+ Ke8 50. Rxh7 Rxf5 51. h4 Rf3+ 52. Kc2 Rf2+ 53. Kd3 Rb2 54. Ba4+ Kf8 55. h5 Rd2+ 56. Ke4 c2 57. Rc7 Rh2 58. Rxc2 Rxh5 59. Rc8+ Ke7 60. Rc7+ Kd8 61. Rf7 Rg5 62. Kd4 Kc8 63. Kc4 Kb8 64. Kb3 Rc5 65. Rf3 Kc7 66. Rf7+ Kd6 67. Rf6+ Ke5 68. Rf3 Ke4 69. Rh3 Kf4 70. Rh4+ Kg3 71. Rc4 Re5 72. Rc2 Re3+ 73. Kb2 Kf4 74. Bb3 Ke5 75. Bc4 a4 76. Re2 a3+ 77. Ka2 Rxe2+ 78. Bxe2 1/2-1/2

[Event "FIDE Women World Blitz 2021"]
[Site "Warsaw"]
[Date "2021.12.30"]
[Round "10.25"]
[White "Batsiashvili, Nino"]
[Black "Badelka, Olga"]
[Result "1-0"]
[ECO "A13"]
[WhiteElo "2491"]
[BlackElo "2188"]
[Annotator "ChessBase"]
[PlyCount "85"]
[EventDate "2021.12.29"]
[EventType "swiss"]
[EventCountry "POL"]
[Tiebreak "Cut1 Buchholz"]
[SourceTitle "playchess.com"]
[Source "ChessBase"]
[SourceQuality "1"]
[TimeControl "180+2"]

1. c4 e6 2. Nf3 d5 3. g3 Nf6 4. Bg2 d4 5. d3 c5 6. e4 Nc6 7. e5 Nd7 8. Bf4 Be7 9. h4 f6 10. exf6 gxf6 11. Nxd4 Nde5 12. Nxc6 Nxc6 13. Qh5+ Kd7 14. O-O Qb6 15. Nc3 Nd4 16. Nb5 Nxb5 17. cxb5 e5 18. Bh6 Kd8 19. Qf7 Be6 20. Qh5 Qxb5 21. b4 Rc8 22. bxc5 Rxc5 23. Rab1 Qa6 24. Rxb7 Rc7 25. Rb8+ Rc8 26. Rxc8+ Qxc8 27. d4 exd4 28. Rd1 Qc5 29. Qf3 Ke8 30. Qa8+ Bd8 31. Bg7 Rg8 32. Bxf6 Kf7 33. Bxd8 Qd6 34. Qf3+ Ke8 35. Bg5 Kd7 36. Bf4 Qb4 37. Qb7+ Qxb7 38. Bxb7 Bxa2 39. Rxd4+ Ke6 40. Ra4 Bb3 41. Rxa7 Rd8 42. Bf3 Rd3 43. Kg2 1-0

[Event "FIDE Women World Blitz 2021"]
[Site "Warsaw"]
[Date "2021.12.30"]
[Round "10.26"]
[White "Padmini, Rout"]
[Black "Kurmangaliyeva, Liya"]
[Result "0-1"]
[ECO "E05"]
[WhiteElo "2353"]
[BlackElo "2222"]
[Annotator "NA"]
[PlyCount "122"]
[EventDate "2021.12.29"]
[EventType "swiss"]
[EventCountry "POL"]
[Tiebreak "Cut1 Buchholz"]
[SourceTitle "playchess.com"]
[Source "ChessBase"]
[SourceQuality "1"]
[TimeControl "180+2"]

1. Nf3 Nf6 2. g3 d5 3. Bg2 e6 4. O-O Be7 5. d4 O-O 6. c4 dxc4 7. Qc2 b5 8. a4 b4 9. Qxc4 Ba6 10. Qc2 Nbd7 11. Ne5 Nxe5 12. dxe5 Nd5 13. Rd1 Qc8 14. e4 Nb6 15. Nd2 Rd8 16. Bf1 Bxf1 17. Rxf1 a5 18. Nb3 c5 19. Be3 Nd7 20. Rfc1 Qb7 21. f4 Rdc8 22. Nd2 Qa6 23. Nc4 Rab8 24. Rd1 b3 25. Qc3 Nb6 26. Nd6 Rc6 27. Qxb3 h6 28. Qb5 Qa8 29. Qe2 Bxd6 30. exd6 Rd8 31. e5 Nd5 32. Bf2 Qb7 33. Rac1 Qb4 34. Rc4 Qb3 35. Rdc1 Nb4 36. Rxc5 Rxc5 37. Rxc5 Qxa4 38. Rc7 Nd5 39. Rb7 Qa1+ 40. Kg2 Qc1 41. Kh3 Qb1 42. Qh5 g6 43. Qe2 Qf5+ 44. Kg2 Qb1 45. Rb5 Qc1 46. Rxa5 Qc6 47. Qf3 Rb8 48. Ra2 Qd7 49. b3 h5 50. Rd2 Qb5 51. Rd3 Qc6 52. h3 Rb4 53.
Rd1 h4 54. Rd4 Rb5 55. Rd3 hxg3 56. Kxg3 Rb4 57. Be3 Qc2 58. Bd2 Rb8 59. h4 Qb1 60. Kh2 Ra8 61. h5 Ra1 0-1

[Event "FIDE Women World Blitz 2021"]
[Site "Warsaw"]
[Date "2021.12.30"]
[Round "10.27"]
[White "Garifullina, Leya"]
[Black "Rakhmangulova, Anastasiya"]
[Result "1-0"]
[ECO "B01"]
[WhiteElo "2416"]
[BlackElo "2174"]
[Annotator "NA"]
[PlyCount "46"]
[EventDate "2021.12.29"]
[EventType "swiss"]
[EventCountry "POL"]
[Tiebreak "Cut1 Buchholz"]
[SourceTitle "playchess.com"]
[Source "ChessBase"]
[SourceQuality "1"]
[TimeControl "180+2"]

1. e4 d5 2. exd5 Qxd5 3. Nc3 Qd6 4. d4 Nf6 5. Nf3 a6 6. g3 Bg4 7. h3 Bh5 8. Bg2 Nc6 9. d5 Ne5 10. g4 Nxf3+ 11. Qxf3 Bg6 12. Bf4 e5 13. dxe6 Qxe6+ 14. Kf1 Be7 15. Re1 Qc4+ 16. Kg1 Rd8 17. Bg3 Rd7 18. Qxb7 O-O 19. Qc6 Qb4 20. g5 Rfd8 21. gxf6 Bxf6 22. Kh2 h5 23. Nd5 Qd6 1-0

[Event "FIDE Women World Blitz 2021"]
[Site "Warsaw"]
[Date "2021.12.30"]
[Round "10.28"]
[White "Efimenko, Maria"]
[Black "Serikbay, Assel"]
[Result "1-0"]
[ECO "B22"]
[WhiteElo "2207"]
[BlackElo "2237"]
[Annotator "NA"]
[PlyCount "97"]
[EventDate "2021.12.29"]
[EventType "swiss"]
[EventCountry "POL"]
[Tiebreak "Cut1 Buchholz"]
[SourceTitle "playchess.com"]
[Source "ChessBase"]
[SourceQuality "1"]
[TimeControl "180+2"]

1. e4 c5 2. c3 Nf6 3. e5 Nd5 4. d4 cxd4 5. cxd4 Nc6 6. Nf3 e6 7. Bc4 d6 8. O-O Be7 9. Nbd2 O-O 10. Re1 dxe5 11. dxe5 Qc7 12. Qe2 a6 13. Nb3 Ndb4 14. a3 b5 15. axb4 bxc4 16. Qxc4 Bxb4 17. Re4 Bb7 18. Rg4 Rfc8 19. Bh6 g6 20. Rc1 Qe7 21. Qf4 a5 22.
Bg5 Qf8 23. Bf6 Be7 24. Ng5 Nb4 25. Rd1 Nd5 26. Qd4 a4 27.
Nd2 Bc5 28. Qe4 Nxf6 29. Qxb7 Nxg4 30. Nde4 Rab8 31. Qa6 h6 32. Nxe6 fxe6 33. Qxe6+ Qf7 34. Qxg4 Be7 35. e6 Qf5 36.
Qe2 Rd8 37. Re1 Qe5 38. h3 Rxb2 39. Qg4 Kh7 40. h4 Qf5 41.
Qg3 Rf8 42. Qc7 Qxe6 43. Ng5+ hxg5 44. Rxe6 Rb1+ 45. Kh2 Rf7 46. Rxe7 Rxe7 47. Qxe7+ Kg8 48. Qe8+ Kg7 49. Qxa4 1-0

[Event "FIDE Women World Blitz 2021"]
[Site "Warsaw"]
[Date "2021.12.30"]
[Round "10.29"]
[White "Garcia Martin, Marta"]
[Black "Wikar, Martyna"]
[Result "1-0"]
[ECO "B23"]
[WhiteElo "2194"]
[BlackElo "1899"]
[Annotator "NA"]
[PlyCount "53"]
[EventDate "2021.12.29"]
[EventType "swiss"]
[EventCountry "POL"]
[Tiebreak "Cut1 Buchholz"]
[SourceTitle "playchess.com"]
[Source "ChessBase"]
[SourceQuality "1"]
[TimeControl "180+2"]

1. e4 c5 2. Nc3 Nc6 3. Bb5 g6 4. Bxc6 dxc6 5. f4 Bg7 6.
Nf3 Bg4 7. O-O Qd7 8. h3 Bxf3 9. Qxf3 Nf6 10. d3 O-O 11. Be3 b6 12. f5 e5 13. g4 Ne8 14. Kh2 f6 15. h4 Nd6 16. b3 Kh8 17. Ne2 a5 18.
a4 Nf7 19. Rh1 Rad8 20. Ng3 Kg8 21. Rag1 Qe7 22. Qf2 Nd6 23. Kg2 Qd7 24. Kf1 Qe7 25. Ke1 Qf7 26. fxg6 hxg6 27. h5 1-0

[Event "FIDE Women World Blitz 2021"]
[Site "Warsaw"]
[Date "2021.12.30"]
[Round "10.30"]
[White "Cyfka, Karina"]
[Black "Sliwicka, Alicja"]
[Result "1-0"]
[ECO "E60"]
[WhiteElo "2416"]
[BlackElo "2303"]
[Annotator "NA"]
[PlyCount "93"]
[EventDate "2021.12.29"]
[EventType "swiss"]
[EventCountry "POL"]
[Tiebreak "Cut1 Buchholz"]
[SourceTitle "playchess.com"]
[Source "ChessBase"]
[SourceQuality "1"]
[TimeControl "180+2"]

1. Nf3 Nf6 2. e3 d6 3. c4 Nbd7 4. b3 e5 5. Bb2 g6 6. d4 Bg7 7. dxe5 Ng4 8. Be2 Ngxe5 9. Nxe5 Nxe5 10. Nc3 O-O 11. O-O Bd7 12. Qd2 Qh4 13. f4 Ng4 14. Bxg4 Bxg4 15. Nd5 Qd8 16. Bxg7 Kxg7 17. e4 c6 18. Ne3 Bc8 19. f5 f6 20. Rad1 Qe7 21. Ng4 g5 22. Nf2 Rd8 23. Rfe1 b6 24. Ng4 h5 25. Nf2 Bb7 26. Qe2 Rh8 27. Nd3 Rad8 28. Qe3 a5 29. Nf2 Qc7 30. a3 Ba6 31. h4 g4 32. Nd3 a4 33.
Nf4 Rhe8 34. Nxh5+ Kf7 35. Qh6 Rg8 36. Qxf6+ Ke8 37. Qe6+ Kf8 38. Qh6+ Kf7 39. Nf4 Rde8 40. Qh5+ Ke7 41. Ne6 Qb7 42. Qh7+ Kf6 43. Qh6+ Ke7 44. Nf4 Qb8 45. Qe6+ Kd8 46. Rxd6+ Kc7 47. Qd7# 1-0

[Event "FIDE Women World Blitz 2021"]
[Site "Warsaw"]
[Date "2021.12.30"]
[Round "10.31"]
[White "Danielian, Elina"]
[Black "Yakimova, Mariya"]
[Result "1-0"]
[ECO "D00"]
[WhiteElo "2450"]
[BlackElo "2219"]
[Annotator "ChessBase"]
[PlyCount "77"]
[EventDate "2021.12.29"]
[EventType "swiss"]
[EventCountry "POL"]
[Tiebreak "Cut1 Buchholz"]
[SourceTitle "playchess.com"]
[Source "ChessBase"]
[SourceQuality "1"]
[TimeControl "180+2"]

1. d4 Nf6 2. Bg5 d5 3. Bxf6 gxf6 4. e3 c5 5. c4 cxd4 6.
exd4 e6 7. Nc3 dxc4 8. Bxc4 Bg7 9. Nf3 a6 10. O-O O-O 11.
Re1 b5 12. Bb3 Bb7 13. d5 e5 14. Qd3 Nd7 15. Bc2 Re8 16. Qxh7+ Kf8 17. Nh4 f5 18. Nxf5 Qf6 19. Ne4 Qg6 20. Qxg6 fxg6 21. Nfd6 Reb8 22. Rad1 Nb6 23. Nxb7 Rxb7 24. Ng5 Bf6 25. Ne6+ Kf7 26. Bb3 Nc4 27. Nc5 Rc7 28. Ne4 Rd8 29. Bxc4 Rxc4 30. d6 Rc2 31. b4 Rb2 32. a3 Rb3 33. Rc1 Bh8 34. Rc7+ Kg8 35. Rd1 Rxa3 36. h4 Bg7 37. d7 Bf8 38. Ng5 Be7 39. Ne6 1-0

[Event "FIDE Women World Blitz 2021"]
[Site "Warsaw"]
[Date "2021.12.30"]
[Round "10.32"]
[White "Antolak, Julia"]
[Black "Dworakowska, Joanna"]
[Result "0-1"]
[ECO "B23"]
[WhiteElo "2334"]
[BlackElo "2228"]
[Annotator "NA"]
[PlyCount "132"]
[EventDate "2021.12.29"]
[EventType "swiss"]
[EventCountry "POL"]
[Tiebreak "Cut1 Buchholz"]
[SourceTitle "playchess.com"]
[Source "ChessBase"]
[SourceQuality "1"]
[TimeControl "180+2"]

1. e4 c5 2. Nc3 d6 3. d4 cxd4 4. Qxd4 a6 5. b3 Nf6 6. Bb2 e6 7. O-O-O Be7 8. f3 h5 9. Bd3 Qc7 10. Kb1 Qc5 11. Na4 Qxd4 12. Bxd4 Nbd7 13. c4 Rb8 14. Ne2 b6 15. Rhe1 e5 16. Be3 Nc5 17. Nac3 Bd7 18.
Bc2 Bc6 19. h3 b5 20. cxb5 axb5 21. Nc1 b4 22. N3e2 Nfd7 23. Nd3 Ne6 24. Bd2 d5 25. exd5 Bxd5 26. Ng3 f6 27. Nf5 Bf8 28. Ne3 Ba8 29. Rc1 Kf7 30. Nc4 Be7 31. Nf2 Rhc8 32. Be4 Bxe4+ 33. Nxe4 Kg6 34. g4 hxg4 35. hxg4 Ndc5 36. Nxc5 Bxc5 37. Be3 Bd4 38. Bxd4 Nxd4 39. f4 exf4 40. Re4 Rd8 41. Rf1 Nb5 42. Rexf4 Nc3+ 43. Kb2 Re8 44. R4f2 Re4 45. Rg2 Rbe8 46. Rc1 Re2+ 47. Rxe2 Rxe2+ 48. Rc2 Re1 49. Rc1 Re4 50. a3 Re2+ 51. Rc2 Nd1+ 52. Kc1 Rxc2+ 53. Kxc2 bxa3 54. Nxa3 Ne3+ 55. Kd3 Nxg4 56. b4 Ne5+ 57. Ke4 Nd7 58. b5 Kf7 59. Kd5 Ke7 60. Nc4 g5 61. Ne3 Nb6+ 62. Kc6 Na4 63. Kd5 Kf7 64. Ke4 Nc3+ 65. Kf5 Nxb5 66. Ng4 Nd6# 0-1

[Event "FIDE Women World Blitz 2021"]
[Site "Warsaw"]
[Date "2021.12.30"]
[Round "10.33"]
[White "Strutinskaia, Galina"]
[Black "Gaboyan, Susanna"]
[Result "1-0"]
[ECO "D91"]
[WhiteElo "2188"]
[BlackElo "2253"]
[Annotator "NA"]
[PlyCount "92"]
[EventDate "2021.12.29"]
[EventType "swiss"]
[EventCountry "POL"]
[Tiebreak "Cut1 Buchholz"]
[SourceTitle "playchess.com"]
[Source "ChessBase"]
[SourceQuality "1"]
[TimeControl "180+2"]

1. d4 Nf6 2. c4 g6 3. Nc3 d5 4. Bg5 Bg7 5. Nf3 Ne4 6. Bf4 Nxc3 7. bxc3 dxc4 8. e3 b5 9. a4 c6 10. Be5 O-O 11. h4 Bg4 12. Be2 h5 13. axb5 cxb5 14. Bxb8 Qxb8 15. O-O Qd6 16. Ra5 a6 17. Qa1 Rfb8 18. Re1 e6 19. Ng5 Qc6 20. f3 f6 21. fxg4 fxg5 22.
Bf3 Qb6 23. Bxa8 Rxa8 24. gxh5 gxh4 25. Rb1 Rf8 26. Rxa6 Qb7 27. Rxe6 Qf7 28. Re4 Qf2+ 29. Kh1 h3 30. Rg1 h2 31. Kxh2 Rf3 32. Qe1 Qc2 33. Rf4 Rxf4 34. exf4 Qf5 35. Qe8+ Kh7 36. Qxg6+ Qxg6 37. hxg6+ Kxg6 38. g4 b4 39. cxb4 Bxd4 40. Rc1 c3 41. Kg3 Kf6 42. Kf3 Ke6 43. Ke4 Bg7 44. f5+ Kd6 45. g5 Be5 46. f6 Ke6 1-0